 Dungeon Crawl Stone Soup version 0.27.1-4-g1640c2035a (webtiles) character file.

Game seed: 15991177720077996802

10 FancyManDan the Skirmisher (level 2, 0/24 HPs)
             Began as a Demonspawn Abyssal Knight on Nov 8, 2021.
             Was a Follower of Lugonu.
             Slain by a gnoll (7 damage)
             ... on level 1 of the Dungeon.
             The game lasted 00:01:57 (493 turns).

FancyManDan the Skirmisher (DsAK)                    Turns: 493, Time: 00:01:57

Health: 0/24       AC:  3    Str: 18    XL:     2   Next: 10%
Magic:  4/4        EV: 11    Int: 13    God:    Lugonu [*.....]
Gold:   15         SH:  0    Dex: 12    Spells: 1/1 levels left

rFire    . . .     SeeInvis .   a - +1 falchion
rCold    . . .     Faith    .   (no shield)
rNeg     . . .     Spirit   .   b - +0 leather armour
rPois    .         Reflect  .   (no helmet)
rElec    .         Harm     .   (no cloak)
rCorr    .         Rampage  .   (no gloves)
Will     .....                  (no boots)
Stlth    +.........             (no amulet)
HPRegen  0.08/turn              c - +6 ring of strength
MPRegen  0.09/turn              (no ring)

@: no status effects
A: demonic magic 1
a: Renounce Religion, Depart the Abyss


You were on level 1 of the Dungeon.
You worshipped Lugonu.
Lugonu was aware of your devotion.
You visited 1 branch of the dungeon, and saw 1 of its levels.
You visited the Abyss 1 time.

You collected 15 gold pieces.

Inventory:

Hand Weapons
 a - a +1 falchion (weapon)
Armour
 b - a +0 leather armour (worn)
Jewellery
 c - a +6 ring of strength (left hand)


   Skills:
 + Level 3.1 Fighting
 + Level 1.9 Long Blades
 + Level 1.9 Armour
 + Level 1.1 Dodging
 + Level 2.7 Invocations


You had one spell level left.
You didn't know any spells.
Your spell library was empty.

Dungeon Overview and Level Annotations

Branches:
Dungeon (1/15)

Altars:


Innate Abilities, Weirdness & Mutations

Spells you cast may paralyse adjacent enemies.


Message History

Things that are here:
a +0 club; a goblin corpse A quokka comes into view.
You hit the quokka.
The quokka is heavily wounded.
The quokka barely misses you. The quokka bites you.
You barely miss the quokka.
The quokka is heavily wounded.
The quokka bites you.
You closely miss the quokka.
The quokka is heavily wounded.
The quokka misses you.
You riposte.
You miss the quokka.
The quokka is heavily wounded.
The quokka bites you but does no damage.
You slash the quokka!
You kill the quokka!
Lugonu accepts your kill.
You see here a quokka corpse.
Found a notched bronze ring.
c - a +6 ring of strength You feel stronger.
c - a +6 ring of strength (left hand)
A gnoll comes into view. It is wielding a +0 club.
The gnoll shouts!
You completely miss the gnoll. The gnoll hits you with a +0 club!
The gnoll hits you with a +0 club.
You hit the gnoll.
The gnoll is lightly wounded.
The gnoll hits you with a +0 club.
You barely miss the gnoll.
The gnoll is lightly wounded.
The gnoll barely misses you.
You hit the gnoll.
The gnoll is severely wounded.
The gnoll hits you with a +0 club!
* * * LOW HITPOINT WARNING * * *
You closely miss the gnoll.
The gnoll is severely wounded.
The gnoll hits you with a +0 club!
You die...

#####.#.#..
########.......#.#####
.......#.......#.#...#
.......#.......#.#.#.#
.......#...#.#.....#.#
.......#.#.#.###.#.#.#
.......#.#.#.# #.#.#.#
.........#.#.# #.#.#.#
.##....@.#.#.# #.#.#.#
#....g.#.#.# #.#.#.#
#......#.. ..#.#.#
#......# ###)#.#
#....... #.#.#
#.....### #.#.#
###..#. #.#†# #.. .
#.#.# #...#


You could see a gnoll.

Vanquished Creatures
  A ball python (D:1)
  A giant cockroach (D:1)
  2 goblins (D:1)
  A quokka (D:1)
  5 frilled lizards (D:1)
10 creatures vanquished.

Notes
Turn   | Place    | Note
-------+----------+-------------------------------------------
     0 | Abyss:1  | FancyManDan the Demonspawn Abyssal Knight began the quest
                  | for the Orb.
     0 | Abyss:1  | Reached XP level 1. HP: 18/18 MP: 2/2
    37 | Abyss:1  | Noticed a deep elf elementalist
    38 | D:1      | Escaped the Abyss
   336 | D:1      | Reached skill level 1 in Dodging
   367 | D:1      | Reached * piety under Lugonu
   416 | D:1      | Gained mutation: Spells you cast may paralyse adjacent
                  | enemies. [demonic ancestry]
   416 | D:1      | Reached XP level 2. HP: 24/24 MP: 4/4
   493 | D:1      | Slain by a gnoll

Illustrated notes

Levels and vault maps discovered:
D:1:      sevenhm_arrival_forest_fort_small_4, layout_basic, minmay_lizard_pond

Skill      XL: |  1 |
---------------+----+-----
Dodging        | 1 |  1.1
Fighting       | |  3.1
Long Blades    | |  1.9
Armour         | |  1.9
Invocations    | |  2.7

Action                   || total
-------------------------++-------
Melee: Falchion          ||    35
Invok: Depart the Abyss  ||     1
Armor: Leather armour    ||     8
Dodge: Dodged            ||    14
       Rpst.: Falchion   ||     1
